 Seeded DCSS version 0.28.0-45-g0d030f2227 (webtiles) character file.

Game seed: 9376642942419055868 (custom seed)

53 thiscave3701365 the Chopper (level 3, -4/33 HPs)
             Began as a Hill Orc Berserker on Apr 13, 2022.
             Was a Follower of Trog.
             Shot with a stone by a goblin (5 damage)
             ... led by Robin
             ... on level 2 of the Dungeon.
             The game lasted 00:00:33 (614 turns).

thiscave3701365 the Chopper (Hill Orc Berserker)     Turns: 614, Time: 00:00:34

Health: -4/33      AC:  2    Str: 21    XL:     3   Next: 87%
Magic:  3/3        EV: 12    Int:  7    God:    Trog [*.....]
Gold:   29         SH:  0    Dex: 10    Spells: 2/2 levels left

rFire   . . .      SeeInvis .   a - +0 hand axe
rCold   . . .      Faith    .   (no shield)
rNeg    . . .      Spirit   .   b - +0 animal skin
rPois   .          Reflect  .   (no helmet)
rElec   .          Harm     .   (no cloak)
rCorr   .          Rampage  .   (no gloves)
Will    .....                   (no boots)
Stlth   +.........              (no amulet)
HPRegen 0.11/turn               (no ring)
MPRegen 0.08/turn               (no ring)

@: on berserk cooldown, slowed, very slow
A: no striking features
a: Renounce Religion, Berserk


You were on level 2 of the Dungeon.
You worshipped Trog.
Trog was aware of your devotion.
You visited 1 branch of the dungeon, and saw 2 of its levels.

You collected 29 gold pieces.

Inventory:

Hand Weapons
 a - a +0 hand axe (weapon)
Armour
 b - a +0 animal skin (worn)
 c - a +0 pair of boots
Scrolls
 e - a scroll of torment {unknown}
Potions
 d - a potion of lignification {unknown}


   Skills:
 + Level 4.2 Fighting
 + Level 4.9 Axes
 + Level 2.6 Armour
 + Level 2.0 Dodging
 + Level 0.2 Stealth


You had 2 spell levels left.
You didn't know any spells.
Your spell library was empty.

Dungeon Overview and Level Annotations

Branches:
Dungeon (1/15)

Altars:


Message History

* * * LOW HITPOINT WARNING * * *
Things that are here:
a +0 club; a +0 dagger; a goblin corpse You closely miss the goblin.
A goblin comes into view. It is wielding a +0 club.
The goblin hits you with a +0 dagger.
* * * LOW HITPOINT WARNING * * *
You closely miss the goblin.
The goblin shouts!
You hear a shout!
A hobgoblin comes into view.
A goblin comes into view. It is wielding a +0 club.
The goblin shouts!
You hear a bark!
You closely miss the goblin. The goblin misses you.
You hit the goblin.
You kill the goblin!
Trog accepts your kill.
Found 2 metallic amethyst potions.
You slash the hobgoblin!
You kill the hobgoblin!
Trog accepts your kill.
You are no longer berserk.
You are exhausted.
You feel yourself slow down.
A jackal and a goblin come into view.
The jackal barks!
The goblin shouts!
The goblin unwields a +0 club.
The goblin wields a +0 hunting sling.
The goblin shoots a stone.
The stone barely misses you.
The jackal pauses to sniff the ground.
The goblin shoots a stone.
The stone misses you.
The goblin unwields a +0 hunting sling.
The goblin wields a +0 club.
The goblin hits you with a +0 club.
* * * LOW HITPOINT WARNING * * *
The goblin hits you with a +0 dagger.
* * * LOW HITPOINT WARNING * * *
The goblin unwields a +0 club.
The goblin wields a +0 hunting sling.
The goblin shoots a stone.
The stone hits you but does no damage.
The goblin unwields a +0 dagger.
The goblin wields a +0 hunting sling.
The goblin shoots a stone.
The stone barely misses you.
The goblin shoots a stone.
The stone hits you.
You die...

....### .....
..... ... ... #.#
#.# #@## ######..#
. .....hgg.# ..
########g#
...###.g....######
.................#
........))).#!##.#
##.....).........
#...............


You could see 3 goblins.

Vanquished Creatures
  Robin (D:2)
  A gnoll (D:2)
  An adder (D:2)
  A worm (D:2)
  5 bats (D:1)
  An endoplasm (D:1)
  2 giant cockroaches
  3 goblins (D:2)
  2 hobgoblins (D:2)
  4 ball pythons
  A kobold (D:1)
  A rat (D:1)
23 creatures vanquished.

Notes
Turn   | Place    | Note
-------+----------+-------------------------------------------
     0 | D:1      | thiscave3701365 the Hill Orc Berserker began the quest for
                  | the Orb.
     0 | D:1      | Reached XP level 1. HP: 19/19 MP: 1/1
   493 | D:1      | Reached XP level 2. HP: 27/27 MP: 2/2
   584 | D:1      | You fall into a shaft and drop 1 floor!
   584 | D:2      | Found a faded altar of an unknown god.
   591 | D:2      | Reached XP level 3. HP: 33/33 MP: 3/3
   594 | D:2      | Noticed Robin
   602 | D:2      | Killed Robin
   613 | D:2      | HP: 1/33 [goblin/+0 dagger[Robin] (2)]
   614 | D:2      | Shot with a stone by a goblin

Illustrated notes

Levels and vault maps discovered:
D:1:      lightli_arrival_windingriver, layout_basic
D:2:      layout_basic, ebering_ecumenical_altar_webs, minmay_tetromino_t2,
          uniq_robin

Skill      XL: |  1  2  3 |
---------------+----------+-----
Fighting       | 4 |  4.2
Dodging        | 2 |  2.0
Axes           | |  4.9
Armour         | |  2.6
Stealth        | |  0.2

Action                   || total
-------------------------++-------
Melee: Hand axe          ||    52
Invok: Berserk           ||     1
 Stab: Sleeping          ||     1
Armor: Animal skin       ||    18
Dodge: Dodged            ||    46
